 Dungeon Crawl Stone Soup version 0.30-a0-170-g85af917532 (webtiles) character file.

Game seed: 7215017766961411326

10 spaghetti the Trooper (level 2, 24/24 HPs)
             Began as a Mummy Fighter on Sept 30, 2022.
             Quit the game on level 1 of the Dungeon.
             The game lasted 00:00:31 (506 turns).

spaghetti the Trooper (Mummy Fighter)                Turns: 506, Time: 00:00:31

Health: 24/24      AC:  6    Str: 19    XL:     2   Next: 10%
Magic:  2/2        EV:  9    Int:  7    God:
Gold:   98         SH:  4    Dex: 11    Spells: 1/1 levels left

rFire   x . .      SeeInvis .      - Unarmed
rCold   + . .      Faith    +    b - +0 buckler
rNeg    + + +      Spirit   .    a - +0 scale mail
rPois   ∞          Reflect  .    (no helmet)
rElec   .          Harm     .    (no cloak)
rCorr   .          Rampage  .    (no gloves)
Will    .....                    (no boots)
Stlth   ..........               (no amulet)
HPRegen 0.08/turn                (no ring)
MPRegen 0.08/turn                (no ring)

@: no status effects
A: cold resistance 1, negative energy resistance 3, torment resistance 2, heat
vulnerability 1, no potions, faith
a: no special abilities


You were on level 1 of the Dungeon.
You visited 1 branch of the dungeon, and saw 1 of its levels.

You collected 98 gold pieces.


Innate Abilities, Weirdness & Mutations

You are immune to poison.
Your flesh is cold resistant. (rC+)
You are immune to negative energy. (rN+++)
You are immune to unholy pain and torment.
You are vulnerable to heat. (rF-)
You do not drink.
You have a special connection with the divine. (Faith)


   Skills:
 - Level 3.0 Fighting
 - Level 2.4 Armour
 - Level 2.4 Shields
 + Level 2.3 Unarmed Combat


You had one spell level left.
You didn't know any spells.
Your spell library was empty.

Inventory:

Hand Weapons
 f - a +0 club {mace}
   (You took it off a goblin on level 1 of the Dungeon)
 g - a +0 dagger {short}
   (You took it off a goblin on level 1 of the Dungeon)
 h - a +0 spear {polearm}
   (You found it on level 1 of the Dungeon)
 j - a +0 dagger {short}
   (You took it off a kobold on level 1 of the Dungeon)
Missiles
 c - 12 stones (quivered) {throwing}
 e - 3 javelins {throwing}
Armour
 a - a +0 scale mail (worn)
 b - a +0 buckler (worn)
Scrolls
 d - 2 scrolls of poison {unknown}
 i - a scroll of magic mapping {unknown}

Dungeon Overview and Level Annotations

Branches:
Dungeon (1/15) Zot: 5494

Altars:

#....###......#.....#......#
##..###.#......#....##......#
#....#.# ...................#
##...#..#
................####
#.......# ................#
........# .######.#.......#
........# ........#.......###
........# .######.#.........#
......#.# #@.####.##...#
...##.###...w...[## #......#
..##### #.......# ####...#
.## ######### #...# ## #...#
#####


You could see a dart slug.


Message History

You barely miss the hobgoblin. The hobgoblin closely misses you.
You block the endoplasm's attack.
You hit the hobgoblin. The hobgoblin barely misses you.
The endoplasm freezes you.
You are frozen.
You resist. 😕 HP[-2]
You take 2 damage, and now have 15/18 hp.
You closely miss the hobgoblin. The hobgoblin barely misses you.
The endoplasm closely misses you. 😕 HP[+1]
You hit the hobgoblin. You block the hobgoblin's attack.
The endoplasm closely misses you.
You hit the hobgoblin.
You kill the hobgoblin!
The endoplasm hits you but does no damage.
The endoplasm freezes you.
You are frozen.
You resist. 😕 HP[-2]
You take 2 damage, and now have 14/18 hp.
You hit the endoplasm.
The endoplasm hits you but does no damage.
You hit the endoplasm.
The endoplasm hits you but does no damage.
You hit the endoplasm.
You kill the endoplasm!
You have reached level 2! 😕 HP[+5] MP[+1]
You now have 24 max hp (+6).
You regained 5 hp, and now have 19/24 hp.
Your mp is fully restored (2).
Key pressed, stopping explore.
g - a +0 dagger {short} 😎 HP[+5]
Your hp is fully restored (24).
You now have 62 gold pieces (gained 9).
h - a +0 spear {polearm} You now have 76 gold pieces (gained 14).
i - a scroll labelled ZUULOG USAM You now have 91 gold pieces (gained 15).
An endoplasm comes into view.
The endoplasm quivers.
An endoplasm is nearby!
An endoplasm is nearby!
You hit the endoplasm. The endoplasm freezes you.
You are frozen.
You resist.
You hit the endoplasm.
You kill the endoplasm!
No target in view!
No target in view!
No target in view!
No target in view!
No target in view!
No target in view!
No target in view!
No target in view!
No target in view!
No target in view!
No target in view!
No target in view!
No target in view!
No target in view!
No target in view!
No target in view!
No target in view!
You now have 98 gold pieces (gained 7).
A kobold comes into view. It is wielding a +0 dagger.
The kobold shouts!
A kobold is nearby!
A kobold is nearby!
The kobold hits you but does no damage.
You closely miss the kobold. You hit the kobold.
The kobold hits you but does no damage. You block the kobold's attack.
You closely miss the kobold. The kobold closely misses you.
You closely miss the kobold. The kobold closely misses you.
You miss the kobold. The kobold barely misses you.
You hit the kobold.
You kill the kobold!
No target in view!
No target in view!
No target in view!
No target in view!
No target in view!
No target in view!
No target in view!
No target in view!
No target in view!
No target in view!
No target in view!
No target in view!
No target in view!
j - a +0 dagger {short} Key pressed, stopping explore.
Key pressed, stopping explore.
d - 2 scrolls labelled LIZI OQORAIPT (gained 1)
A dart slug comes into view.
The dart slug launches a dart at you.
The slug dart hits you but does no damage.
Are you sure you want to abandon this character and quit the game? (Confirm with "yes".)

Skill      XL: |  1 |
---------------+----+-----
Unarmed Combat | 2 |  2.3
Fighting       | |  3.0
Armour         | |  2.4
Shields        | |  2.4

Action                   || total
-------------------------++-------
Melee: Unarmed           ||    36
Armor: Scale mail        ||    16
Dodge: Dodged            ||    17
Block: Buckler           ||     6

Levels and vault maps discovered:
D:1:      dpeg_arrival_arbitrary_a, layout_rooms, kennysheep_boxes

Notes
Turn   | Place    | Note
-------+----------+-------------------------------------------
     0 | D:1      | spaghetti the Mummy Fighter began the quest for the Orb.
     0 | D:1      | Reached XP level 1. HP: 18/18 MP: 1/1
     0 | D:1      | magus.rc [v1.9.6]
   201 | D:1      | Reached skill level 2 in Unarmed Combat
   273 | D:1      | Reached XP level 2. HP: 19/24 MP: 2/2
   506 | D:1      | Quit the game

Vanquished Creatures
  2 endoplasms (D:1)
  A giant cockroach (D:1)
  2 goblins (D:1)
  2 hobgoblins (D:1)
  A kobold (D:1)
  A rat (D:1)
9 creatures vanquished.

Table legend:
 A = Non-vault XP
 B = Vault XP
 C = Vault XP percentage of total XP
 D = Non-vault monster count
 E = Vault monster count
 F = Vault count percentage of total count
                 A         B        C        D         E       F
            +---------+---------+-------+---------+---------+-------
      Total |      15 |       0 |   0.0 |       9 |       0 |   0.0
            +---------+---------+-------+---------+---------+-------
        D:1 |      15 |       0 |   0.0 |       9 |       0 |   0.0
            +---------+---------+-------+---------+---------+-------

Illustrated notes

Table legend:
 A = Kills in this place as a percentage of kills in entire the game.
 B = Kills by you in this place as a percentage of kills by you in the entire game.
 C = Kills by friends in this place as a percentage of kills by friends in the entire game.
 D = Other kills in this place as a percentage of other kills in the entire game.
 E = Experience gained in this place as a percentage of experience gained in the entire game.
 F = Experience gained in this place divided by the number of levels of this place that you have seen.
                   A       B       C       D       E      F
               +-------+-------+-------+-------+-------+----------------------
         Total | 100.0 | 100.0 |   N/A |   N/A | 100.0 |  15.0
       Dungeon | 100.0 | 100.0 |   N/A |   N/A | 100.0 |  15.0
               +-------+-------+-------+-------+-------+----------------------

Table legend: (Time is in decaauts)
 A = Elapsed time spent in this place.
 B = Non-inter-level travel time spent in this place.
 C = Inter-level travel time spent in this place.
 D = Time resting spent in this place.
 E = Time spent auto-exploring this place.
 F = Levels seen in this place.
 G = Mean time per level.
                   A        B        C        D        E       F      G
               +--------+--------+--------+--------+--------+-----+--------+
         Total |    506 |    506 |      0 |      0 |    432 |   1 |  506.0 |
       Dungeon |    506 |    506 |      0 |      0 |    432 |   1 |  506.0 |
               +--------+--------+--------+--------+--------+-----+--------+

Top non-repeatable levels by time:
     D:1: 506 daAuts
